 Dungeon Crawl Stone Soup version 0.24.0-13-gcf9b319 (webtiles) character file.

Game seed: 15111333044818496207, levelgen mode: deterministic

48 ricardofg the Magician (level 3, 0/19 HPs)
             Began as a Tengu Wizard on Nov 17, 2019.
             Succumbed to a worker ant's poison
             ... on level 2 of the Dungeon.
             The game lasted 00:04:27 (1913 turns).

ricardofg the Magician (Tengu Wizard)               Turns: 1913, Time: 00:04:28

Health: 0/19       AC:  2    Str:  7    XL:     3   Next: 72%
Magic:  4/9        EV: 12    Int: 19    God:
Gold:   43         SH:  0    Dex: 12    Spells: 8/9 levels left

rFire    . . .     SeeInvis .   f - +0 dagger (protect)
rCold    . . .     Gourm    .   (no shield)
rNeg     . . .     Faith    .   a - +0 robe
rPois    .         Spirit   .   b - +0 hat
rElec    .         Reflect  .   (no cloak)
rCorr    .         Harm     .   (no gloves)
MR       .....                  (boots unavailable)
Stlth    ++........             (no amulet)
HPRegen  0.06/turn              (no ring)
MPRegen  0.11/turn              (no ring)

@: lethally poisoned (0 -> -13)
A: beak, talons 3
a: no special abilities


You were on level 2 of the Dungeon.
You were not hungry.

You visited 1 branch of the dungeon, and saw 2 of its levels.

You collected 43 gold pieces.

Inventory:

Hand Weapons
 f - a +0 dagger of protection (weapon)
 h - a cursed +0 hand axe
 j - a +0 mace
Missiles
 g - 10 stones (quivered)
Armour
 a - a +0 robe (worn)
 b - a +0 hat (worn)
Scrolls
 l - 2 scrolls of magic mapping {unknown}
 m - a scroll of enchant weapon {unknown}
 o - a scroll of remove curse {unknown}
 p - a scroll of amnesia {unknown}
Potions
 c - a potion of mutation {unknown}
 e - a potion of degeneration {unknown}
 k - 3 potions of curing {unknown}
 n - a potion of berserk rage {unknown}
 q - a potion of lignification {unknown}
 r - a potion of flight {unknown}
Comestibles
 d - a ration
 i - 3 chunks of flesh


   Skills:
 - Level 2.1 Dodging
 - Level 2.0 Stealth
 + Level 3.7 Spellcasting
 + Level 3.4 Conjurations
   Level 1.2 Summonings
   Level 0.7 Translocations


You had 8 spell levels left.
You knew the following spells:

 Your Spells              Type           Power        Failure   Level  Hunger
a - Magic Dart            Conj           ###.         3%          1    None

Your spell library contained the following spells:

 Spells                   Type           Power        Failure   Level  Hunger
 Call Imp                 Summ           #.......     13%         2    ##.....
 Blink                    Tloc           N/A          16%         2    ##.....
 Slow                     Hex            #.......     22%         2    ##.....
 Conjure Flame            Conj/Fire      ##......     22%         3    ###....
 Mephitic Cloud           Conj/Pois/Air  #.......     26%         3    ###....


Dungeon Overview and Level Annotations

Branches:
Dungeon (2/15)

Altars:


Innate Abilities, Weirdness & Mutations

You have a beak for a mouth.
You have claws for feet.


Message History

Aim: a worker ant (lightly wounded)
The magic dart hits the worker ant.
The worker ant is lightly wounded.
The worker ant bites you.
* * * LOW HITPOINT WARNING * * *
Casting: Magic Dart (safe; 3% risk of failure)
Confirm with . or Enter, or press ? or * to list all spells.
Aiming: Magic Dart (safe; 3% risk of failure)
Press: ? - help, Shift-Dir - straight line, f/p - worker ant
Aim: a worker ant (lightly wounded)
The magic dart hits the worker ant.
The worker ant is moderately wounded.
The worker ant misses you. The worker ant barely misses you.
The worker ant bites you.
* * * LOW HITPOINT WARNING * * *
You are lethally poisoned!
The worker ant poisons you!
There is an escape hatch in the floor here.
You die...

.. .. #.#.# #.# #.# ..
#.#.# #.# .... .. #...#
#.# ...#. #..# #.# ..#.
#..# #.# #..
#.###..#####.# ## #.##
#............# #.#
##.##########..#######
#.###.>....a>@.....#
#..#.#############.###
#...## #...# ####..#####
###.# ..........# #.#
......###.# #.#
......###.## ########.#
#####.##...#####........#
#.##.#.......########


You could see a worker ant.

Vanquished Creatures
  An adder (D:1)
  2 dart slugs
  3 giant cockroaches
  6 goblins
  5 hobgoblins
  A jackal (D:1)
  6 kobolds
  A bat (D:2)
  3 frilled lizards (D:1)
  3 rats
31 creatures vanquished.

Notes
Turn   | Place    | Note
-------+----------+-------------------------------------------
     0 | D:1      | ricardofg the Tengu Wizard began the quest for the Orb.
     0 | D:1      | Reached XP level 1. HP: 10/10 MP: 5/5
   397 | D:1      | Reached XP level 2. HP: 15/15 MP: 2/7
  1390 | D:1      | Reached XP level 3. HP: 14/19 MP: 0/9
  1913 | D:2      | Succumbed to a worker ant's poison

Levels and vault maps discovered:
D:1:      lemuel_arrival_river_ford, layout_basic, hex_large, st_stairs_13
D:2:      layout_loops_ring, first_ration, serial_bayou_lagoon_a

Skill      XL: |  1  2 |
---------------+-------+-----
Conjurations   | 2 3 |  3.4
Dodging        | |  2.1
Stealth        | |  2.0
Spellcasting   | |  3.7
Summonings     | |  1.2
Translocations | |  0.7

Action                   || total
-------------------------++-------
Melee: Dagger            ||     4
       Kick              ||     2
Throw: Stone             ||     1
 Cast: Magic Dart        ||    83
  Eat: Chunk             ||     3
Armor: Robe              ||     3
Dodge: Dodged            ||    23
